 Dungeon Sprint DCSS version 0.31-a0-1511-g961fd35ebc (webtiles) character file.

Game seed: 10193938211949308056

1178 Groucho the Destroyer (level 8, -1/52 HPs)
             Began as a Tengu Earth Elementalist on Dec 30, 2023.
             Was a Follower of Sif Muna.
             Slain by a centaur warrior (5 damage)
             ... in the Dungeon (Sprint I: "Red Sonja").
             The game lasted 00:03:22 (1571 turns).

Groucho the Destroyer (Tengu Earth Elementalist)    Turns: 1571, Time: 00:03:24

Health: -1/52      AC:  2    Str:  8    XL:     8   Next: 41%
Magic:  3/17       EV: 16    Int: 19    God:    Sif Muna [*.....]
Gold:   405        SH:  0    Dex: 14    Spells: 10/18 levels left

rFire   . . .        h - +2 scythe (vamp)
rCold   . . .        (shield currently unavailable)
rNeg    . . .        a - +0 robe
rPois   .            (helmet restricted)
rElec   .            (no cloak)
rCorr   .            (no gloves)
SInv    .            (boots unavailable)
Will    .....        (no amulet)
Stlth   ++           (no ring)
HPRegen 0.28/turn    (no ring)
MPRegen 0.15/turn

%: no teleportation, acrobat
@: flying
A: beak, talons 3, evasive flight, acrobatic
a: Renounce Religion, Channel Magic


You were in the Dungeon.
You worshipped Sif Muna.
Sif Muna was aware of your devotion.
You visited 1 branch You collected 405 gold pieces.

Inventory:

Hand Weapons
 h - a +2 vampiric scythe (weapon)
Armour
 a - a +0 robe (worn)
Wands
 f - a wand of polymorph (9)
 j - a wand of charming (7)
Scrolls
 g - a scroll of blinking
 i - a scroll of identify {unknown}
Potions
 b - 3 potions of magic
 e - a potion of haste


   Skills:
 + Level 6.9 Fighting
 - Level 2.1 Dodging
 - Level 2.0 Stealth
 + Level 5.8 Spellcasting
 * Level 10.8 Conjurations
 - Level 10.0 Earth Magic
 + Level 3.7 Alchemy


You had 10 spell levels left.
You knew the following spells:

 Your Spells              Type           Power      Damage    Failure   Level
a - Sandblast             Erth           86%        2d18      1%          1
b - Stone Arrow           Conj/Erth      90%        3d12      1%          3
c - Petrify               Alch/Erth      31%        N/A       7%          4

Your spell library contained the following spells:

 Spells                   Type           Power      Damage    Failure   Level
 Passwall                 Erth           43%        N/A       1%          3
 Brom's Barrelling Bould  Conj/Erth      45%        2d6       1%          4


Dungeon Overview and Level Annotations

Branches:
Dungeon (1/1)

Altars:
Cheibriados
Dithmenos
Elyvilon
Fedhas
Gozag
Hepliaklqana
Kikubaaqudgha
Makhleb
Nemelex Xobeh
Okawaru
Qazlal
Ru
Sif Muna
Trog
Uskayaw
Vehumet
Wu Jian
Xom
Yredelemnul
Zin
The Shining One
Jiyva
Lugonu

Shops:
D !


Innate Abilities, Weirdness & Mutations

You have a beak for a mouth.
You have claws for feet.
Your magical flight helps you evade attacks. (EV +4)
You can magically evade attacks while moving or waiting.


Message History

The centaur warrior hits you! The centaur warrior misses you.
The centaur warrior hits you! The centaur warrior kicks you.
* * * LOW HITPOINT WARNING * * *
Unknown command.
You feel better.
The centaur warrior completely misses you.
The centaur warrior kicks you.
Casting: Stone Arrow (safe; 1% risk of failure)
Confirm with . or Enter, or press ? or * to list all spells.
Aiming: Stone Arrow (safe; 1% risk of failure)
Press: ? - help, Shift-Dir - straight line, f/p - centaur warrior
Aim: a centaur warrior (81% to hit)
The stone arrow hits the centaur warrior!
You kill the centaur warrior!
Sif Muna accepts your kill.
You can now call upon Sif Muna for magical energy.
The centaur warrior wields a +0 shortbow.
The centaur warrior shoots an arrow.
The arrow misses you.
The centaur warrior shoots an arrow.
The arrow hits you!
* * * LOW HITPOINT WARNING * * *
Your Fighting skill increases to level 6!
Your Spellcasting skill increases to level 5!
Your Conjurations skill gained 3 levels and is now at level 10!
Your Alchemy skill gained 3 levels and is now at level 3!
You have reached level 8!
You feel clever.
The centaur warrior unwields a +0 shortbow.
The centaur warrior completely misses you.
The centaur warrior barely misses you.
Things that are here:
a +0 orcbow; a centaur corpse Unknown command.
Unknown command.
You barely miss the centaur warrior.
You claw the centaur warrior, but do no damage.
The centaur warrior hits you.
* * * LOW HITPOINT WARNING * * *
The centaur warrior completely misses you.
The centaur warrior hits you.
You die...

######################
#<.#.)'..#..'..#__#..+
#..').#..'[.#..'..+..#
#..#####'#####'#__####
#..####..#...#§####$§#
#..#__####..##@#§§c..#
#..#_____##'#_c§§§~§.+
#⌠⌠#_.∩...'..._#~§~§c#
####_..__##_.#'##+####
#_____###+#[# #######
###


You could see a centaur warrior.

Vanquished Creatures
  A centaur warrior (D)
  A slime creature (D)
  Sigmund (D)
  A yak (D)
  An ogre (D)
  A jelly (D)
  Ijyb (D)
7 creatures vanquished.

Notes
Turn   | Place    | Note
-------+----------+-------------------------------------------
     0 | D        | Groucho the Tengu Earth Elementalist began the quest for
                  | the Orb.
     0 | D        | Reached XP level 1. HP: 10/10 MP: 4/4
     2 | D        | Noticed Ijyb
     5 | D        | Killed Ijyb
     6 | D        | Reached XP level 2. HP: 15/15 MP: 6/6
    60 | D        | Noticed an ogre
    64 | D        | Killed an ogre
    65 | D        | Reached XP level 3. HP: 19/19 MP: 2/7
    65 | D        | Reached XP level 4. HP: 24/24 MP: 2/8
   424 | D        | Noticed Sigmund
   426 | D        | Killed Sigmund
   427 | D        | Reached XP level 5. HP: 28/28 MP: 6/9
   427 | D        | Reached XP level 6. HP: 32/32 MP: 6/10
   449 | D        | Learned a level 3 spell: Stone Arrow
   454 | D        | Learned a level 4 spell: Petrify
   455 | D        | Found an ornate altar of the Wu Jian Council.
   455 | D        | Found a shimmering blue altar of Sif Muna.
   457 | D        | Found a radiant altar of Vehumet.
   459 | D        | Reached skill level 1 in Fighting
   471 | D        | Became a worshipper of Sif Muna the Loreminder
   492 | D        | Found Xuisch's Distillery.
   492 | D        | Found an ancient bone altar of Kikubaaqudgha.
   492 | D        | Found a hazy altar of Hepliaklqana.
   492 | D        | Found a stormy altar of Qazlal.
   492 | D        | Found a hide-covered altar of Uskayaw.
   492 | D        | Found a blossoming altar of Fedhas.
   492 | D        | Found a bloodstained altar of Trog.
   492 | D        | Found an iron altar of Okawaru.
   492 | D        | Found a basalt altar of Yredelemnul.
   492 | D        | Found a glowing golden altar of the Shining One.
   492 | D        | Found a snail-covered altar of Cheibriados.
   492 | D        | Found a sacrificial altar of Ru.
   492 | D        | Found a glowing silver altar of Zin.
   492 | D        | Found a shadowy altar of Dithmenos.
   492 | D        | Found a white marble altar of Elyvilon.
   492 | D        | Noticed a yak
   501 | D        | Killed a yak
   502 | D        | Reached skill level 5 in Conjurations
   502 | D        | Reached skill level 10 in Earth Magic
   504 | D        | Found an opulent altar of Gozag.
   505 | D        | Found a sparkling altar of Nemelex Xobeh.
   950 | D        | Found a burning altar of Makhleb.
   950 | D        | Found a shimmering altar of Xom.
   950 | D        | Noticed a slime creature
   956 | D        | Killed a slime creature
   957 | D        | Reached skill level 5 in Fighting
   957 | D        | Gained mutation: Your magical flight helps you evade
                  | attacks. (EV +4) [Tengu growth]
   957 | D        | Reached XP level 7. HP: 30/44 MP: 0/14
  1321 | D        | Found a viscous altar of Jiyva.
  1321 | D        | Found a corrupted altar of Lugonu.
  1350 | D        | Noticed a centaur warrior
  1352 | D        | Noticed a centaur warrior
  1569 | D        | Killed a centaur warrior
  1569 | D        | Reached * piety under Sif Muna
  1570 | D        | Reached skill level 5 in Spellcasting
  1570 | D        | Reached skill level 10 in Conjurations
  1570 | D        | Reached XP level 8. HP: 7/52 MP: 3/17
  1571 | D        | Slain by a centaur warrior

Illustrated notes

Levels and vault maps discovered:
D:        dungeon_sprint_1 [red_sonja_temple_1, red_sonja_temple_small_1]

Skill      XL: |  1  2  3  4  5  6  7 |
---------------+----------------------+-----
Earth Magic    | 4 7 9 10 | 10.0
Fighting       | 5 6 |  6.9
Spellcasting   | 4 5 |  5.8
Conjurations   | 7 10 | 10.8
Alchemy        | 3 |  3.7
Dodging        | |  2.1
Stealth        | |  2.0

Action                     |  1- 3 |  4- 6 |  7- 9 || total
---------------------------+-------+-------+-------++-------
  Melee: Kick              |     2 |     1 |     1 ||     4
         Unarmed           |     2 |       |       ||     2
         Peck              |     1 |     2 |       ||     3
         Halberd           |       |     3 |     1 ||     4
   Cast: Sandblast         |     4 |     4 |       ||     8
         Stone Arrow       |       |     6 |     4 ||    10
    Use: Potion            |     1 |     1 |     1 ||     3
 Armour: Robe              |       |     3 |     8 ||    11
  Dodge: Dodged            |     2 |     6 |    10 ||    18

Table legend: (Time is in decaauts)
 A = Elapsed time spent in this place.
 B = Non-inter-level travel time spent in this place.
 C = Inter-level travel time spent in this place.
 D = Time resting spent in this place.
 E = Time spent auto-exploring this place.
 F = Levels seen in this place.
 G = Mean time per level.
                   A        B        C        D        E       F      G
               +--------+--------+--------+--------+--------+-----+--------+
         Total |   1587 |   1587 |      0 |   1383 |      0 |   1 | 1587.0 |
       Dungeon |   1587 |   1587 |      0 |   1383 |      0 |   1 | 1587.0 |
               +--------+--------+--------+--------+--------+-----+--------+

Top non-repeatable levels by time:
       D: 1587 daAuts
